 Dungeon Crawl Stone Soup version 0.26-a0-466-g989023bd0d (webtiles) character file.

Game seed: 15262719464508466657

9770 cheongchun the Spear-Bearer (level 11, 0/77 HPs)
             Began as an Octopode Berserker on Aug 10, 2020.
             Was a High Priest of Trog.
             Slain by an unseen horror (9 damage)
             ... on level 11 of the Dungeon.
             The game lasted 00:21:41 (13226 turns).

cheongchun the Spear-Bearer (Octopode Berserker)   Turns: 13226, Time: 00:21:41

Health: 0/77       AC:  2    Str: 19    XL:     11   Next: 51%
Magic:  0/11       EV: 15    Int: 11    God:    Trog [*****.]
Gold:   614        SH: 10    Dex: 11    Spells: 10/10 levels left

rFire    + . .     SeeInvis .   b - +2 war axe (vorpal)
rCold    . . .     Faith    .   n - +0 kite shield
rNeg     + . .     Spirit   +   z - +1 hat
rPois    .         Reflect  .   g - amulet of guardian spirit
rElec    .         Harm     .   e - ring of positive energy
rCorr    .                      B - ring of protection from fire
MR       +++..                  N - ring of protection from magic
Stlth    ++++......             (no ring)
HPRegen  0.22/turn              (no ring)
MPRegen  0.12/turn              (no ring)
                                (no ring)
                                (no ring)

@: no status effects
A: almost no armour, stealthy swim, amphibious, 8 rings, constrict 8, tentacle
spike 2, camouflage 1, magic resistance 2, gelatinous body 1
a: Berserk, Trog's Hand, Brothers in Arms, Renounce Religion


You were on level 11 of the Dungeon.
You worshipped Trog.
Trog was extremely pleased with you.
You visited 1 branch of the dungeon, and saw 11 of its levels.

You collected 644 gold pieces.
You spent 30 gold pieces at shops.

Inventory:

Hand Weapons
 a - a +0 trident
 b - a +2 vorpal war axe (weapon)
 A - a +0 spear
 M - a +1 war axe of venom
Missiles
 d - 7 atropa-tipped darts
 o - 10 boomerangs
 q - 8 silver javelins
 x - 3 silver boomerangs
 O - 12 poisoned darts (quivered)
Armour
 n - a +0 kite shield (worn)
 z - a +1 hat (worn)
Jewellery
 e - a ring of positive energy (left tentacle)
 g - an amulet of guardian spirit (around mantle)
 B - a ring of protection from fire (right tentacle)
 N - a ring of protection from magic (on tentacle)
Wands
 v - a wand of disintegration (32)
 D - a wand of random effects (34)
 K - a wand of iceblast (6)
Scrolls
 h - 12 scrolls of teleportation {unknown}
 i - 2 scrolls of immolation {unknown}
 j - 4 scrolls of magic mapping {unknown}
 k - 7 scrolls of remove curse {unknown}
 m - 4 scrolls of enchant armour {unknown}
 r - 2 scrolls of amnesia {unknown}
 u - a scroll of fear {unknown}
 w - a scroll of enchant weapon {unknown}
 y - 2 scrolls of blinking {unknown}
 F - a scroll of vulnerability {unknown}
 G - a scroll of fog {unknown}
 H - 2 scrolls of identify
 I - a scroll of random uselessness {unknown}
 J - a scroll of acquirement {unknown}
Potions
 c - a potion of curing
 f - 2 potions of magic
 l - 4 potions of heal wounds
 p - a potion of lignification
 s - a potion of might
 t - a potion of haste
 C - 3 potions of flight
 E - 2 potions of berserk rage
 L - a potion of invisibility


   Skills:
 + Level 8.2 Fighting
 + Level 8.0(9.9) Axes
 + Level 9.2(10.4) Polearms
 + Level 3.7 Throwing
 + Level 7.5 Dodging
 + Level 5.9 Stealth
 + Level 6.1 Shields


You had 10 spell levels left.
You didn't know any spells.
Your spell library was empty.

Dungeon Overview and Level Annotations

Branches:
Dungeon (11/15)            Temple (0/1) D:6            Lair (0/6) D:8
    Orc (0/2) D:9

Altars:
Trog
The Shining One

Shops:
D:5 (   D:6 *   D:9 [

Annotations:
D:2 exclusion: downstairs
D:3 exclusion: downstairs
D:7 2 transporters, SatoMori's ghost, novice GnCj
D:9 3 runed translucent doors, pk666's ghost, novice DEWz


Innate Abilities, Weirdness & Mutations

You cannot wear most types of armour.
You are very stealthy in the water. (Stealth+)
You are amphibious.
You can wear up to eight rings at the same time.
You can use your tentacles to constrict eight enemies at once.
Your skin changes colour to match your surroundings (Stealth+).
Your rubbery body absorbs attacks. (AC +1, EV +1)
One of your tentacles bears a nasty spike.
You are highly resistant to hostile enchantments. (MR++)


Message History

A centaur comes into view.
Something hits you!
A howler monkey zombie comes into view.
You block something's attack. Something hits you! Something hits you.
Something hits you.
The centaur wields a +0 shortbow.
The centaur shoots an arrow.
The arrow barely misses you. Something hits you!
* * * LOW HITPOINT WARNING * * *
A shadow comes into view.
Something hits you.
* * * LOW HITPOINT WARNING * * *
A jelly comes into view.
The howler monkey zombie completely misses you.
Found 13 gold pieces.
Something hits you.
* * * LOW HITPOINT WARNING * * *
The howler monkey zombie completely misses you.
There is a stone staircase leading up here.
Something hits you!
You die...

.........!.†.###c.
........†........
.........###..###
####..##..##c##
##..........#
#...(.c##.### #
#.......#†..##.[#
####...Z.....#.....#
...W...@..##....##..
#..........<###.#
.........#.......#
.........#.......#
.....J...#.......#
.........#.......#
....$....#.......#
#.......##........h
#.......##


You could see a shadow (wandering), a centaur, a jelly (wandering) and a howler
monkey zombie.

Vanquished Creatures
  Gastronok (D:8)
  Harold (D:8)
  Erica (D:8)
  A two-headed ogre (D:10)
  Pikel (D:4)
  An ugly thing (D:9)
  Maurice (D:8)
  Psyche (D:10)
  3 trolls
  2 hippogriffs (D:10)
  Sigmund (D:4)
  Eustachio (D:4)
  3 wargs (D:8)
  2 sky beasts
  4 orc warriors
  An ice beast (D:10)
  5 ogres
  2 phantoms
  4 centaurs
  4 bullfrogs
  5 scorpions
  6 killer bees
  4 howler monkeys
  4 hounds
  2 jellies (D:8)
  4 bullfrog skeletons
  6 orc priests
  13 orc wizards
  4 iguanas
  6 worker ants
  A hound zombie (D:5)
  2 hound skeletons
  Robin (D:2)
  2 worker ant zombies
  8 gnolls
  5 adders
  A white imp (D:6)
  2 ufetubi
  2 oozes
  An adder zombie (D:8)
  An adder skeleton (D:5)
  8 worms
  2 dart slugs (D:1)
  9 leopard geckos
  42 orcs
  5 bats
  7 giant cockroaches
  14 goblins
  16 hobgoblins
  13 jackals
  6 quokkas
  A ball python (D:8)
  12 frilled lizards
  3 kobolds
  A quokka skeleton (D:7)
  4 rats
263 creatures vanquished.

Vanquished Creatures (collateral kills)
  A worker ant (D:8)
1 creature vanquished.

Vanquished Creatures (others)
  A hobgoblin (D:2)
1 creature vanquished.

Grand Total: 265 creatures vanquished

Notes
Turn   | Place    | Note
-------+----------+-------------------------------------------
     0 | D:1      | cheongchun the Octopode Berserker began the quest for the
                  | Orb.
     0 | D:1      | Reached XP level 1. HP: 16/16 MP: 1/1
   223 | D:1      | Reached XP level 2. HP: 21/21 MP: 2/2
   676 | D:1      | Reached XP level 3. HP: 26/26 MP: 3/3
   726 | D:1      | Reached skill level 1 in Stealth
  1283 | D:2      | Noticed Robin
  1553 | D:2      | Reached ** piety under Trog
  1901 | D:2      | Reached XP level 4. HP: 31/31 MP: 4/4
  2051 | D:2      | Noticed a sky beast
  2502 | D:2      | Killed a sky beast
  2502 | D:2      | Reached skill level 4 in Polearms
  2502 | D:2      | Reached XP level 5. HP: 37/37 MP: 5/5
  2740 | D:2      | Killed Robin
  2955 | D:3      | Found a bloodstained altar of Trog.
  3196 | D:3      | Reached XP level 6. HP: 40/43 MP: 6/6
  3420 | D:3      | Reached skill level 5 in Stealth
  4335 | D:4      | Noticed Eustachio
  4524 | D:4      | Reached skill level 5 in Polearms
  4524 | D:4      | Reached XP level 7. HP: 48/48 MP: 5/7
  4596 | D:4      | Reached *** piety under Trog
  4991 | D:4      | Noticed Sigmund
  5002 | D:4      | Killed Sigmund
  5002 | D:4      | Reached skill level 1 in Shields
  5168 | D:4      | Noticed Pikel
  5176 | D:4      | Killed Eustachio
  5176 | D:4      | Reached skill level 1 in Throwing
  5182 | D:4      | Killed Pikel
  5182 | D:4      | Reached skill level 5 in Fighting
  5182 | D:4      | Reached skill level 6 in Polearms
  5182 | D:4      | Reached skill level 5 in Dodging
  5182 | D:4      | Reached XP level 8. HP: 54/55 MP: 5/8
  5543 | D:5      | Entered Level 5 of the Dungeon
  5585 | D:5      | Reached skill level 7 in Polearms
  6018 | D:5      | Reached XP level 9. HP: 61/61 MP: 7/9
  6307 | D:5      | Found Abree's Weapon Boutique.
  6586 | D:6      | Found Qaehir's General Store.
  6589 | D:6      | Bought a scroll of identify for 30 gold pieces
  6597 | D:6      | Gained mutation: You expend magic power (3 MP) to
                  | strengthen your wands. [potion of mutation]
  6597 | D:6      | Gained mutation: You are clumsy. (Dex -2) [potion of
                  | mutation]
  6597 | D:6      | Gained mutation: One of your tentacles bears a spike.
                  | [potion of mutation]
  6597 | D:6      | Gained mutation: Your spells are a little harder to cast,
                  | but a little more powerful. [potion of mutation]
  6598 | D:6      | Lost mutation: You are clumsy. (Dex -2) [potion of
                  | mutation]
  6598 | D:6      | Lost mutation: One of your tentacles bears a spike. [potion
                  | of mutation]
  6598 | D:6      | Lost mutation: Your spells are a little harder to cast, but
                  | a little more powerful. [potion of mutation]
  6598 | D:6      | Lost mutation: You expend magic power (3 MP) to strengthen
                  | your wands. [potion of mutation]
  6598 | D:6      | Gained mutation: You are resistant to hostile enchantments.
                  | (MR+) [potion of mutation]
  6598 | D:6      | Gained mutation: You are highly resistant to hostile
                  | enchantments. (MR++) [potion of mutation]
  6598 | D:6      | Gained mutation: One of your tentacles bears a spike.
                  | [potion of mutation]
  6598 | D:6      | Gained mutation: One of your tentacles bears a nasty spike.
                  | [potion of mutation]
  6635 | D:6      | Found a glowing golden altar of the Shining One.
  6869 | D:6      | Found a staircase to the Ecumenical Temple.
  7027 | D:6      | Reached **** piety under Trog
  7604 | D:6      | Reached skill level 8 in Polearms
  7847 | D:7      | Found a transporter.
  7847 | D:7      | Noticed SatoMori's ghost (novice GnCj)
  7849 | D:7      | Found a transporter.
  7849 | D:7      | Identified the +7 dire flail of Duty {vorpal, rElec Str+4
                  | Int+2}
  8209 | D:7      | HP: 4/93 [killer bee (8)]
  9016 | D:8      | Noticed Maurice
  9019 | D:8      | Noticed Erica
  9178 | D:8      | Killed Erica
  9178 | D:8      | Reached skill level 1 in Axes
  9178 | D:8      | Reached skill level 9 in Polearms
  9178 | D:8      | Reached XP level 10. HP: 69/69 MP: 10/10
  9220 | D:8      | Killed Maurice
  9220 | D:8      | Reached skill level 5 in Shields
  9368 | D:8      | Noticed Harold
  9514 | D:8      | Noticed Gastronok
  9524 | D:8      | Killed Harold
  9529 | D:8      | Killed Gastronok
 10151 | D:8      | Found a staircase to the Lair.
 10155 | D:8      | Reached skill level 5 in Axes
 10822 | D:9      | Reached XP level 11. HP: 76/76 MP: 11/11
 10919 | D:9      | Found a runed translucent gate.
 10919 | D:9      | Found a runed translucent gate.
 10919 | D:9      | Found a runed translucent gate.
 10951 | D:9      | Noticed a white ugly thing
 10962 | D:9      | Reached ***** piety under Trog
 10963 | D:9      | Killed a white ugly thing
 11188 | D:9      | Found a staircase to the Orcish Mines.
 11558 | D:9      | Found Yholusoe's Armour Shoppe.
 11754 | D:9      | Noticed pk666's ghost (novice DEWz)
 11889 | D:10     | Entered Level 10 of the Dungeon
 12166 | D:10     | Noticed a two-headed ogre
 12174 | D:10     | Killed a two-headed ogre
 12261 | D:10     | Noticed Psyche
 12266 | D:10     | Killed Psyche
 13226 | D:11     | Slain by an unseen horror

Illustrated notes

Levels and vault maps discovered:
D:1:      dpeg_arrival_pond, layout_loops_ring
D:2:      layout_rooms, uniq_robin
D:3:      minmay_skewed_foursquare, layout_loops_cross,
          trog_three_pillars_becter
D:4:      layout_gridville, uniq_pikel, uniq_sigmund, uniq_eustachio
D:5:      layout_loops_ring, serial_shops, nicolae_shop_stone, st_stairs_1,
          minmay_lizard_king
D:6:      layout_rooms, lemuel_round_altar, minmay_temple_entry_from_below_a,
          serial_shops, kennysheep_mini
D:7:      layout_loops_ring, gammafunk_ghost_smash
D:8:      layout_basic, erik_lair_orcish_takeover, uniq_harold, uniq_gastronok,
          uniq_erica, uniq_maurice
D:9:      layout_rooms, orc_david_3, serial_shops, nicolae_shop_behind_doors,
          gammafunk_ghost_necromancy, hangedman_abyss_or_decor_stagger
D:10:     layout_loops_corners, uniq_psyche
D:11:     layout_rooms

Skill      XL: |  1  2  3  4  5  6  7  8  9 10 11 |
---------------+----------------------------------+-----
Stealth        | 2 4 5 |  5.9
Polearms       | 4 5 6 7 9 |  9.2
Fighting       | 4 5 6 7 8 |  8.2
Dodging        | 5 6 7 |  7.5
Shields        | 2 3 4 5 6 |  6.1
Throwing       | 1 3 |  3.7
Axes           | 1 5 8 |  8.0

Action                   |  1- 3 |  4- 6 |  7- 9 | 10-12 || total
-------------------------+-------+-------+-------+-------++-------
Melee: Spear             |    73 |   151 |   322 |       ||   546
       Tentacles         |    12 |    29 |    60 |    32 ||   133
       Constrict         |    14 |    26 |    58 |    25 ||   123
       Kick              |       |       |    51 |    65 ||   116
       War axe           |       |       |    17 |   171 ||   188
Throw: Dart              |       |     4 |       |     8 ||    12
       Boomerang         |       |       |    23 |       ||    23
       Javelin           |       |       |       |     4 ||     4
Invok: Berserk           |     2 |     4 |     7 |     5 ||    18
       Trog's Hand       |       |     2 |     3 |     2 ||     7
       Brothers in Arms  |       |       |       |     1 ||     1
  Use: Scroll            |       |       |     8 |     3 ||    11
       Potion            |       |       |     2 |       ||     2
 Stab: Sleeping          |    11 |    10 |    22 |     9 ||    52
       Distracted        |       |     2 |     2 |     1 ||     5
       Invisible         |       |     1 |       |       ||     1
Armor: Skin              |       |    12 |     4 |     9 ||    25
Dodge: Dodged            |    23 |    66 |    91 |    96 ||   276
Block: Kite shield       |       |    23 |    85 |    80 ||   188

Table legend: (Time is in decaauts)
 A = Elapsed time spent in this place.
 B = Non-inter-level travel time spent in this place.
 C = Inter-level travel time spent in this place.
 D = Time resting spent in this place.
 E = Time spent auto-exploring this place.
 F = Levels seen in this place.
 G = Mean time per level.
                   A        B        C        D        E       F      G
               +--------+--------+--------+--------+--------+-----+--------+
         Total |  13380 |  13038 |    342 |   5246 |   5874 |  11 | 1216.4 |
       Dungeon |  13380 |  13038 |    342 |   5246 |   5874 |  11 | 1216.4 |
               +--------+--------+--------+--------+--------+-----+--------+

Top non-repeatable levels by time:
     D:8: 1737 daAuts
     D:1: 1736 daAuts
     D:4: 1655 daAuts
     D:5: 1400 daAuts
    D:10: 1332 daAuts
     D:7: 1310 daAuts
     D:2: 1117 daAuts
     D:3: 1091 daAuts
     D:9: 1085 daAuts
     D:6: 881 daAuts
    D:11: 31 daAuts
